 Dungeon Crawl Stone Soup version 0.26-a0-1038-gfb849e850a (webtiles) character file.

Game seed: 8177368837541866500

264 Kraken2834 the Poker (level 6, -8/48 HPs)
             Began as a Merfolk Gladiator on Dec 11, 2020.
             Was an Initiate of Okawaru.
             Blown up by a goblin (16 damage)
             ... with a disintegration bolt
             ... on level 3 of the Dungeon.
             The game lasted 00:08:17 (2345 turns).

Kraken2834 the Poker (Merfolk Gladiator)            Turns: 2345, Time: 00:08:18

Health: -8/48      AC:  4    Str: 17    XL:     6   Next: 19%
Magic:  7/7        EV: 14    Int:  7    God:    Okawaru [......]
Gold:   143        SH:  5    Dex: 15    Spells: 7/7 levels left

rFire    . . .     SeeInvis .   a - +0 trident
rCold    . . .     Faith    .   (no shield)
rNeg     . . .     Spirit   .   b - +0 leather armour
rPois    .         Reflect  +   c - +0 helmet
rElec    .         Harm     .   (no cloak)
rCorr    .         Rampage  .   (no gloves)
Will     .....                  (no boots)
Stlth    ++........             l - amulet of reflection
HPRegen  0.16/turn              (no ring)
MPRegen  0.10/turn              (no ring)

@: no status effects
A: change form in water, swift swim, stealthy swim
a: Renounce Religion


You were on level 3 of the Dungeon.
You worshipped Okawaru.
Okawaru was noncommittal.
You visited 1 branch of the dungeon, and saw 3 of its levels.

You collected 143 gold pieces.

Inventory:

Hand Weapons
 a - a +0 trident (weapon)
Missiles
 p - 5 javelins (quivered)
Armour
 b - a +0 leather armour (worn)
 c - a +0 helmet (worn)
Jewellery
 l - an amulet of reflection (around neck)
Scrolls
 e - a scroll of noise {unknown}
 h - a scroll of blinking {unknown}
 i - 3 scrolls of remove curse {unknown}
 k - 3 scrolls of immolation {unknown}
 m - a scroll of random uselessness {unknown}
 q - a scroll of teleportation {unknown}
 r - 4 scrolls of identify {unknown}
 s - a scroll of fog {unknown}
 t - a scroll of enchant weapon {unknown}
 u - a scroll of magic mapping {unknown}
 v - a scroll of enchant armour {unknown}
 w - a scroll of fear {unknown}
Potions
 f - a potion of invisibility {unknown}
 g - 2 potions of heal wounds {unknown}
 j - a potion of degeneration {unknown}
 n - a potion of curing {unknown}
 o - 2 potions of cancellation {unknown}


   Skills:
 * Level 3.8 Fighting
 + Level 7.7 Polearms
 - Level 2.0 Throwing
 + Level 4.4 Dodging
 + Level 1.1 Stealth
 - Level 0.3 Shields
 - Level 1.2 Spellcasting


You had 7 spell levels left.
You didn't know any spells.
Your spell library was empty.

Dungeon Overview and Level Annotations

Branches:
Dungeon (3/15)

Altars:
Cheibriados
Okawaru


Message History

Aim: a goblin, wielding a +0 dagger and carrying a wand of disintegration (13)
You throw a throwing net. The throwing net hits the goblin.
The goblin is caught in the net!
The goblin struggles against the net.
The goblin struggles against the net.
Found 21 stones and 11 gold pieces.
The goblin struggles against the net.
The frilled lizard closely misses you.
The goblin struggles against the net.
You block the frilled lizard's attack.
The goblin zaps a wand.
You are blasted!
* * * LOW HITPOINT WARNING * * *
The goblin struggles against the net.
The net rips apart, and the goblin comes free!
Okay, then.
You barely miss the frilled lizard. The frilled lizard misses you.
You closely miss the frilled lizard. The frilled lizard bites you.
* * * LOW HITPOINT WARNING * * *
You hit the frilled lizard.
You kill the frilled lizard!
The goblin zaps a wand.
You are blasted!
You die...

....####.#.####### #(# ...(#
#.#†..##... ######.#
########.#........#####
#.......
....)....#.#<#.....!(.#
#.####.#
#######..#...#........# #.#
#.#
).#......#..##..(.....####.#
#†#
#(#.###.##..$(.###....'....#
#.# #.#
..##.###.......)###### #.#
#.########...(.g@.......#
#.#
#.#......#..(.....##.##.#
#.# #.#..#(#.#..#.....##.#
.# #.# #........# #.....##.#
# ### ######..<# ........#..
#...#....####.### #...###+#
.# +.#.# .. #...#


You could see a goblin.

Vanquished Creatures
  An ogre (D:3)
  Jessica (D:2)
  A worker ant (D:2)
  Robin (D:2)
  3 adders
  An ooze (D:1)
  3 dart slugs
  3 leopard geckos
  An orc (D:3)
  2 giant cockroaches
  13 goblins
  12 hobgoblins
  3 jackals (D:2)
  A quokka (D:2)
  3 ball pythons
  7 bats
  4 frilled lizards (D:3)
  14 kobolds
  8 rats
82 creatures vanquished.

Notes
Turn   | Place    | Note
-------+----------+-------------------------------------------
     0 | D:1      | Kraken2834 the Merfolk Gladiator began the quest for the
                  | Orb.
     0 | D:1      | Reached XP level 1. HP: 16/16 MP: 1/1
    97 | D:1      | Reached XP level 2. HP: 20/22 MP: 2/2
   150 | D:1      | Reached skill level 5 in Polearms
   370 | D:1      | Reached XP level 3. HP: 22/28 MP: 3/3
  1168 | D:2      | Reached skill level 6 in Polearms
  1319 | D:2      | Reached XP level 4. HP: 33/34 MP: 4/4
  1359 | D:2      | Noticed Robin
  1376 | D:2      | Killed Robin
  1402 | D:2      | Reached skill level 1 in Spellcasting
  1690 | D:2      | Noticed Jessica
  1705 | D:2      | Killed Jessica
  1706 | D:2      | Reached XP level 5. HP: 37/41 MP: 6/6
  1712 | D:2      | Found a snail-covered altar of Cheibriados.
  1818 | D:2      | Found an iron altar of Okawaru.
  1823 | D:2      | Became a worshipper of Warmaster Okawaru
  2024 | D:3      | Reached skill level 7 in Polearms
  2156 | D:3      | Noticed an ogre
  2162 | D:3      | Killed an ogre
  2163 | D:3      | Reached skill level 1 in Stealth
  2163 | D:3      | Reached XP level 6. HP: 48/48 MP: 7/7
  2345 | D:3      | Blown up by a goblin

Illustrated notes

Levels and vault maps discovered:
D:1:      dpeg_arrival_windows_large_door, layout_loops_ring, minmay_cupped
D:2:      layout_basic, lemuel_doored_altar, kennysheep_slug_shrine, uniq_robin,
          uniq_jessica
D:3:      layout_basic, serial_rivers, chequers_serial_rivers_micro_b,
          chequers_serial_rivers_room_b, chequers_serial_rivers_small_b,
          chequers_serial_rivers_room_b, chequers_serial_rivers_micro_b,
          trog_wizard

Skill      XL: |  1  2  3  4  5 |
---------------+----------------+-----
Polearms       | 5 6 7 |  7.7
Fighting       | 3 |  3.8
Spellcasting   | 1 |  1.2
Stealth        | 1 |  1.1
Throwing       | |  2.0
Dodging        | |  4.4
Shields        | |  0.3

Action                   |  1- 3 |  4- 6 || total
-------------------------+-------+-------++-------
Melee: Trident           |   120 |   134 ||   254
Throw: Throwing net      |       |     3 ||     3
 Stab: Held in net/web   |       |     1 ||     1
       Sleeping          |       |     3 ||     3
       Distracted        |       |     1 ||     1
Armor: Leather armour    |    17 |    16 ||    33
Dodge: Dodged            |    46 |    55 ||   101
Block: Other             |     9 |    26 ||    35
       Reflection        |       |     4 ||     4

Table legend: (Time is in decaauts)
 A = Elapsed time spent in this place.
 B = Non-inter-level travel time spent in this place.
 C = Inter-level travel time spent in this place.
 D = Time resting spent in this place.
 E = Time spent auto-exploring this place.
 F = Levels seen in this place.
 G = Mean time per level.
                   A        B        C        D        E       F      G
               +--------+--------+--------+--------+--------+-----+--------+
         Total |   2340 |   2308 |     32 |    129 |   1613 |   3 |  780.0 |
       Dungeon |   2340 |   2308 |     32 |    129 |   1613 |   3 |  780.0 |
               +--------+--------+--------+--------+--------+-----+--------+

Top non-repeatable levels by time:
     D:2: 1137 daAuts
     D:1: 811 daAuts
     D:3: 391 daAuts
